AoeStats
← My Baby Shot Me Down

Arabia

510479513Analyzed
3v3 RM · 2d ago on Oct 1, 2026· 55m 52s· 6 players
Game mode
Random Map
Map size
Normal (6 player)
Population
200
Speed
Normal
Resources
Standard
Victory
Conquest
Starting age
Dark Age
Ending age
Imperial Age
RankedLock teamsTeams togetherTeam positionsShared explorationLock speedFull tech treeHidden civsTurbo modeCheats
Victory
Defeat
🇺🇸 Magyars · United States
1126
+16
🇨🇳 Franks · China
1123
+16
🇷🇺 Mongols · Russia
1085
+18
🇨🇳 Wei · China
1150
-18
🇨🇳 Italians · China
1137
-17
🇦🇹 Gurjaras · Austria
1078
-15
Tog Rulgay
8:25 Loom
10:46 Feudal Age
9:01 Loom
11:14 Loom
12:02 Double-Bit Axe
16:00 Castle Age
14:18 Horse Collar
15:53 Bloodlines
17:36 Scale Barding Armor
22:45 Forging
23:32 Husbandry
24:34 Chain Barding Armor
25:26 Wheelbarrow
26:31 Iron Casting
28:14 Hand Cart
34:18 Heavy Plow
34:56 Bow Saw
37:23 Imperial Age
34:58 Fletching
37:17 Gold Mining
37:19 Stone Mining
39:04 Gold Shaft Mining
38:29 Town Watch
38:38 Elite Steppe Lancer
40:24 Blast Furnace
39:20 Bodkin Arrow
42:23 Ballistics
43:03 Chemistry
42:01 Murder Holes
42:21 Bracer
44:19 Siege Engineers
44:26 Masonry
46:32 Stone Shaft Mining
46:44 Conscription
48:03 Padded Archer Armor
53:48 Leather Archer Armor
YajiuSenpai
2:26 Loom
10:15 Feudal Age
10:45 Double-Bit Axe
10:52 Man-at-Arms
20:20 Wheelbarrow
20:32 Scale Mail Armor
23:22 Castle Age
22:11 Gold Mining
23:46 Fletching
26:00 Forging
25:52 Squires
28:27 Chain Mail Armor
28:33 Arson
38:13 Bodkin Arrow
38:54 Iron Casting
39:10 Town Watch
40:24 Ballistics
41:07 Hand Cart
48:11 Imperial Age
46:57 Scale Barding Armor
47:15 Husbandry
48:16 Light Cavalry
48:18 Cavalier
50:02 Blast Furnace
49:22 Chain Barding Armor
50:44 Paladin
53:13 Plate Barding Armor
My Baby Shot Me Down
7:03 Loom
9:03 Feudal Age
10:44 Double-Bit Axe
16:41 Horse Collar
17:21 Scale Barding Armor
18:14 Fletching
19:52 Padded Archer Armor
24:14 Castle Age
23:06 Gold Mining
25:17 Crossbowman
31:20 Light Cavalry
32:24 Light Cavalry
33:37 Stone Mining
36:39 Bloodlines
39:49 Heavy Plow
40:00 Bow Saw
44:31 Gold Shaft Mining
45:51 Bodkin Arrow
46:12 Leather Archer Armor
53:44 Wheelbarrow
小敏
10:38 Feudal Age
12:00 Loom
15:41 Castle Age
14:18 Gold Mining
21:28 Double-Bit Axe
23:20 Fletching
23:40 Padded Archer Armor
23:23 Horse Collar
28:56 Stone Mining
29:42 Thumb Ring
29:53 Stone Mining
30:10 Heavy Plow
31:23 Bodkin Arrow
31:45 Leather Archer Armor
32:30 Wheelbarrow
38:48 Imperial Age
37:39 Bow Saw
39:53 Conscription
40:11 Parthian Tactics
40:48 Stone Shaft Mining
41:23 Conscription
41:51 Gold Shaft Mining
42:11 Bracer
42:42 Ring Archer Armor
43:35 Scale Barding Armor
43:41 Forging
48:58 Bloodlines
48:49 Husbandry
48:10 Light Cavalry
50:37 Town Watch
52:18 Ming Guang Armor
51:55 Tuntian
Lord Voidimort
5:10 Loom
9:27 Feudal Age
9:59 Double-Bit Axe
13:19 Horse Collar
17:29 Scale Barding Armor
18:46 Forging
23:33 Castle Age
22:15 Bloodlines
23:10 Gold Mining
23:41 Light Cavalry
24:21 Husbandry
24:33 Bow Saw
24:59 Chain Barding Armor
25:21 Heavy Plow
29:43 Fletching
39:07 Bodkin Arrow
42:02 Guard Tower
42:23 Masonry
43:13 Wheelbarrow
45:12 Town Watch
50:33 Imperial Age
49:06 Hand Cart
Otoya Naomi
0:27 Loom
10:17 Feudal Age
11:08 Double-Bit Axe
11:58 Horse Collar
17:24 Wheelbarrow
18:55 Fletching
26:59 Castle Age
27:23 Crossbowman
28:44 Bodkin Arrow
29:08 Bow Saw
35:17 Town Watch
35:52 Hand Cart
52:04 Imperial Age
50:29 Ballistics
50:33 Thumb Ring
53:08 Arbalester
Connection lost

Rejoining the realm…

Still unreachable

The connection could not be restored.

Session expired

The server has moved on; the page needs a fresh start.